 Dungeon Crawl Stone Soup version 0.22-a0-247-gbddf880 (webtiles) character file.

28588 wolfsongas the Quickloader (level 13, -9/101 HPs)
             Began as a Gnoll Hunter on Feb 23, 2018.
             Was an Initiate of Gozag.
             Mangled by a spiny frog (15 damage)
             ... on level 6 of the Lair of Beasts.
             The game lasted 00:36:03 (17381 turns).

wolfsongas the Quickloader (Gnoll Hunter)          Turns: 17381, Time: 00:36:04

Health: -9/101     AC: 22    Str: 21    XL:     13   Next: 39%
Magic:  25/25      EV: 11    Int: 13    God:    Gozag
Gold:   1519       SH:  0    Dex: 17    Spells: 28/28 levels left

rFire    + . .     SeeInvis .   b - +3 great mace of Gluttony {protect, rPois rF+}
rCold    + + .     Gourm    .   (shield currently unavailable)
rNeg     . . .     Faith    .   L - +0 plate armour
rPois    +         Spirit   .   H - +1 hat of Autumn {*Slow +Blink rPois rC++}
rElec    .         Reflect  .   (no cloak)
rCorr    .         Harm     .   w - +2 pair of gloves
MR       ++...                  n - +0 pair of boots
Stlth    ..........             u - amulet of regeneration
HPRegen  0.66/turn              (no ring)
MPRegen  0.19/turn              B - ring of protection from magic

@: gold aura, protection aura
A: distributed training, fangs 1, talons 1, deformed body, magic resistance 1,
shaggy fur 1, strong 1, wild magic 1, evolution 1, strong nose
a: Potion Petition, Call Merchant, Bribe Branch, Renounce Religion, Evoke Blink


You were on level 6 of the Lair of Beasts.
You worshipped Gozag.
Gozag was most pleased with you.
You were not hungry.

You visited 2 branches of the dungeon, and saw 18 of its levels.
You also visited: Ossuary.

You collected 3696 gold pieces.
You paid 2177 gold pieces to Gozag.

Inventory:

Hand Weapons
 a - a +1 hand crossbow
 b - the +3 great mace of Gluttony (weapon) {protect, rPois rF+}
   (You found it on level 9 of the Dungeon)

   It protects the one who uses it against injury (+AC on strike).
   It protects you from fire.
   It protects you from poison.
Missiles
 d - 63 bolts
Armour
 e - a +0 shield
 n - a +0 pair of boots (worn)
 w - a +2 pair of gloves (worn)
 H - the +1 hat of Autumn (worn) {*Slow +Blink rPois rC++}
   (You acquired it on level 1 of the Lair of Beasts)

   It greatly protects you from cold.
   It protects you from poison.
   It lets you blink.
   It may slow you when you take damage.
 L - a +0 plate armour (worn)
Jewellery
 k - an uncursed ring of fire
 u - an amulet of regeneration (around neck)
 B - a ring of protection from magic (right hand)
 J - a +2 ring of intelligence
Wands
 o - a wand of flame (66)
 y - a wand of paralysis (17)
 z - a wand of acid (8)
 D - a wand of disintegration (10)
 E - a wand of enslavement (8)
 F - a wand of digging (17)
 K - a wand of polymorph (5)
Scrolls
 g - 3 scrolls of enchant weapon
 l - 6 scrolls of vulnerability
 m - 2 scrolls of magic mapping
 p - 2 scrolls of identify
 q - 10 scrolls of remove curse
 r - a scroll of amnesia
 v - 9 scrolls of teleportation
 x - a scroll of torment
 C - 2 scrolls of immolation
 G - a scroll of holy word
Potions
 c - 2 potions of lignification
 h - a potion of brilliance
 i - 6 potions of curing
 j - 5 potions of magic
 s - 3 potions of flight
 A - 2 potions of agility
Comestibles
 f - 25 rations


   Skills:
 + Level 9.3 Fighting
 + Level 8.1 Short Blades
 + Level 8.1 Long Blades
 + Level 8.1 Axes
 + Level 8.1 Maces & Flails
 + Level 8.1 Polearms
 + Level 8.1 Staves
 + Level 8.1 Slings
 + Level 8.1 Bows
 + Level 11.5 Crossbows
 + Level 8.1 Throwing
 + Level 8.1 Armour
 + Level 9.3 Dodging
 + Level 8.5 Stealth
 + Level 8.1 Shields
 + Level 8.1 Unarmed Combat
 + Level 8.1 Spellcasting
 + Level 6.7 Conjurations
 + Level 6.7 Hexes
 + Level 6.7 Charms
 + Level 6.7 Summonings
 + Level 6.7 Necromancy
 + Level 6.7 Translocations
 + Level 6.7 Transmutations
 + Level 6.7 Fire Magic
 + Level 6.7 Ice Magic
 + Level 6.7 Air Magic
 + Level 6.7 Earth Magic
 + Level 6.7 Poison Magic
 + Level 8.9 Invocations
 + Level 8.1 Evocations


You had 28 spell levels left.
You didn't know any spells.

Dungeon Overview and Level Annotations

Branches:
Dungeon (12/15)            Temple (0/1) D:6            Lair (6/6) D:9
 Shoals (0/4) Lair:4        Snake (0/4) Lair:3        Slime (0/5) Lair:6
    Orc (0/2) D:10

Altars:
Ashenzari
Dithmenos
Gozag
Kikubaaqudgha
Okawaru
Ru
Sif Muna
Trog
Uskayaw
Wu Jian
Zin
Jiyva

Shops:
D:9 }   D:10 }

Annotations:
Lair:6 1 runed door


Innate Abilities, Weirdness & Mutations

Your experience applies equally to all skills.
You have very sharp teeth.
Your uncanny sense of smell can sniff out nearby items.
You have sharp toenails.
Armour fits poorly on your strangely shaped body.
You are resistant to hostile enchantments. (MR+)
You are covered in fur. (AC +1)
Your muscles are strong. (Str +2)
Your spells are a little harder to cast, but a little more powerful.
You evolve.


Message History

You feel sick.
The spiny frog gives a loud, deep croak!
As you read the scroll of fog, it crumbles to dust.
The scroll dissolves into smoke.
You feel sick.
You feel sick.
You feel better. The spiny frog stings you!
* * * LOW HITPOINT WARNING * * *
You bludgeon the spiny frog!!
Your weapon exudes an aura of protection.
The spiny frog is heavily wounded.
The spiny frog stings you.
* * * LOW HITPOINT WARNING * * *
You barely miss the spiny frog.
You bite the spiny frog, but do no damage.
The spiny frog is heavily wounded.
The spiny frog stings you!
* * * LOW HITPOINT WARNING * * *
The spiny frog stings you!
You die...
Your body crumbles into a pile of gold.

### ###.######.#.###*#***,*,*,***
#.###.#..##..#..#.P#P.#..,,,,*,,,
.........................,,,,,,,,
.##..##P.P.###....###..#*,,*,,,,,
###..#########=...##...###**,,,,,
.#...### ####P....P......#***,,,,
J+...#.###.####...........***,,,,
J#.....P....###..§........*,,,,,,
##.........#.#.§@§P#......*,,,,,,
#.P..####.####§FP....P#*,,*,,,,,
###.(.# ##.# #§§§P##.##***,,,,,,
...P.##########..§§P#,..,,,,,,,,,
.....#.#.###..#....?.....,,,,,,,,
.........................,,,,,,,,
.................(.......,,,,,,,,
......................%..,,,,,,,,
#........#...#.#.........,,,,,,,,


You could see a spiny frog.

Vanquished Creatures
  The ghost of EPluribusUnum the Thaumaturge, a journeyman DrTm of Wu Jian (D:11)
  2 hydras
  The ghost of jaclynhyde the Geomancer, a journeyman GrEE of Vehumet (Lair:1)
  2 two-headed ogres (D:11)
  A catoblepas (Lair:3)
  The ghost of indyram44 the Basher, a novice DsMo of Trog (D:8)
  A fire crab (Lair:4)
  2 manticores (D:11)
  2 black mambas (Lair:1)
  2 centaur skeletons
  8 komodo dragons
  8 spiny frogs
  2 rime drakes
  A polar bear (Lair:4)
  A troll (D:11)
  A hornet (D:8)
  8 blink frogs
  3 hippogriffs
  6 dream sheep (Lair:4)
  Sigmund (D:3)
  A shadow (D:11)
  18 yaks
  A wraith (D:11)
  A wyvern (Lair:4)
  The ghost of wolfsongas the Quickloader, an amateur GnHu of Gozag (D:5)
  7 basilisks
  A hungry ghost (D:11)
  Menkaure (Ossuary)
  8 water moccasins
  12 porcupines
  An ice beast (D:7)
  7 orc warriors
  A black bear (D:6)
  6 ogres
  2 sky beasts
  4 centaurs
  13 crocodiles
  3 big kobolds
  9 bullfrogs
  A wyvern zombie (D:9)
  2 scorpions
  A killer bee (D:9)
  3 wights (D:11)
  An electric eel (D:6)
  A howler monkey (D:10)
  6 crimson imps
  5 centaur zombies
  A bullfrog zombie (D:11)
  3 hounds
  A jelly (D:9)
  4 bullfrog skeletons
  9 orc wizards
  7 orc priests
  6 iguanas
  8 worker ants
  An ogre zombie (Ossuary)
  2 hound zombies (D:8)
  2 hound skeletons
  6 mummies (Ossuary)
  A worker ant zombie (D:5)
  6 adders
  A shadow imp (D:7)
  An ooze (D:3)
  6 adder zombies
  An adder skeleton (D:5)
  3 worms
  3 dart slugs
  4 leopard geckos
  35 orcs
  4 giant cockroaches
  3 gnoll zombies (Ossuary)
  10 goblins
  12 hobgoblins
  4 jackals
  19 kobolds
  6 quokkas
  A ball python (D:4)
  16 bats
  5 frilled lizards
  4 goblin zombies
  7 hobgoblin zombies (Ossuary)
  A kobold zombie (Ossuary)
  A quokka skeleton (D:5)
  7 quokka zombies
  4 rats
  2 rat zombies (Ossuary)
388 creatures vanquished.

Vanquished Creatures (others)
  4 fungi
  4 plants
8 creatures vanquished.

Grand Total: 396 creatures vanquished

Notes
Turn   | Place    | Note
-------+----------+-------------------------------------------
     0 | D:1      | wolfsongas the Gnoll Hunter began the quest for the Orb.
     0 | D:1      | Reached XP level 1. HP: 20/20 MP: 1/1
   127 | D:1      | Reached XP level 2. HP: 26/26 MP: 2/2
   540 | D:1      | Reached XP level 3. HP: 31/31 MP: 3/3
  1079 | D:2      | Reached skill level 1 in Invocations
  1152 | D:2      | Reached skill level 1 in Short Blades
  1152 | D:2      | Reached skill level 1 in Long Blades
  1152 | D:2      | Reached skill level 1 in Axes
  1152 | D:2      | Reached skill level 1 in Maces & Flails
  1152 | D:2      | Reached skill level 1 in Polearms
  1152 | D:2      | Reached skill level 1 in Staves
  1152 | D:2      | Reached skill level 1 in Slings
  1152 | D:2      | Reached skill level 1 in Bows
  1152 | D:2      | Reached skill level 1 in Throwing
  1152 | D:2      | Reached skill level 1 in Armour
  1152 | D:2      | Reached skill level 1 in Shields
  1152 | D:2      | Reached skill level 1 in Unarmed Combat
  1152 | D:2      | Reached skill level 1 in Spellcasting
  1152 | D:2      | Reached skill level 1 in Evocations
  1182 | D:2      | Reached XP level 4. HP: 38/38 MP: 5/5
  1843 | D:3      | Reached skill level 1 in Conjurations
  1843 | D:3      | Reached skill level 1 in Hexes
  1843 | D:3      | Reached skill level 1 in Charms
  1843 | D:3      | Reached skill level 1 in Summonings
  1843 | D:3      | Reached skill level 1 in Necromancy
  1843 | D:3      | Reached skill level 1 in Translocations
  1843 | D:3      | Reached skill level 1 in Transmutations
  1843 | D:3      | Reached skill level 1 in Fire Magic
  1843 | D:3      | Reached skill level 1 in Ice Magic
  1843 | D:3      | Reached skill level 1 in Air Magic
  1843 | D:3      | Reached skill level 1 in Earth Magic
  1843 | D:3      | Reached skill level 1 in Poison Magic
  1962 | D:3      | Noticed Sigmund
  1981 | D:3      | Killed Sigmund
  1981 | D:3      | Reached XP level 5. HP: 20/43 MP: 5/7
  1981 | D:3      | Reached XP level 6. HP: 24/50 MP: 5/8
  2490 | D:4      | Reached skill level 5 in Fighting
  2490 | D:4      | Reached skill level 5 in Dodging
  2590 | D:4      | Found an opulent altar of Gozag.
  2596 | D:4      | Became a worshipper of Gozag Ym Sagoz the Greedy
  2836 | D:4      | Reached XP level 7. HP: 53/56 MP: 10/10
  3105 | D:4      | Got an encrusted buckler
  3116 | D:4      | Identified the +2 buckler of the Duke {Str-5 Int+4 Dex+3} (You found it on level 4 of the Dungeon)
  3376 | D:5      | Entered Level 5 of the Dungeon
  3585 | D:5      | Noticed wolfsongas's ghost (amateur GnHu)
  3611 | D:5      | Killed wolfsongas's ghost
  3611 | D:5      | Reached skill level 9 in Crossbows
  3640 | D:5      | Reached XP level 8. HP: 8/63 MP: 12/12
  4449 | D:6      | Found a sacrificial altar of Ru.
  4505 | D:6      | Found a hide-covered altar of Uskayaw.
  4505 | D:6      | Found a shattered altar of Ashenzari.
  4810 | D:6      | Found a staircase to the Ecumenical Temple.
  5180 | D:6      | Reached XP level 9. HP: 69/69 MP: 14/14
  5311 | D:7      | Found an ornate altar of the Wu Jian Council.
  5406 | D:7      | Found a deep blue altar of Sif Muna.
  5686 | D:7      | Identified a scroll of acquirement
  5947 | D:7      | Found a sand-covered staircase.
  5954 | Ossuary  | Entered an ossuary
  6147 | Ossuary  | Noticed Menkaure
  6154 | Ossuary  | Killed Menkaure
  6266 | Ossuary  | Reached skill level 5 in Stealth
  6615 | D:8      | Reached skill level 5 in Invocations
  6769 | D:8      | Noticed indyram44's ghost (novice DsMo)
  6815 | D:8      | Killed indyram44's ghost
  6815 | D:8      | Reached XP level 10. HP: 18/77 MP: 15/17
  7230 | D:8      | Found a glowing silver altar of Zin.
  7253 | D:8      | Found a bloodstained altar of Trog.
  7374 | D:8      | Reached skill level 5 in Short Blades
  7374 | D:8      | Reached skill level 5 in Long Blades
  7374 | D:8      | Reached skill level 5 in Axes
  7374 | D:8      | Reached skill level 5 in Maces & Flails
  7374 | D:8      | Reached skill level 5 in Polearms
  7374 | D:8      | Reached skill level 5 in Staves
  7374 | D:8      | Reached skill level 5 in Slings
  7374 | D:8      | Reached skill level 5 in Bows
  7374 | D:8      | Reached skill level 5 in Throwing
  7374 | D:8      | Reached skill level 5 in Armour
  7374 | D:8      | Reached skill level 5 in Shields
  7374 | D:8      | Reached skill level 5 in Unarmed Combat
  7374 | D:8      | Reached skill level 5 in Spellcasting
  7374 | D:8      | Reached skill level 5 in Evocations
  7531 | D:8      | Found an ancient bone altar of Kikubaaqudgha.
  7701 | D:8      | Found a shadowy altar of Dithmenos.
  7730 | D:8      | Found a deep blue altar of Sif Muna.
  7840 | D:8      | Found an iron altar of Okawaru.
  8061 | D:9      | Found Jyitim's Gadget Shoppe.
  8250 | D:9      | Reached skill level 10 in Crossbows
  8417 | D:9      | Found a staircase to the Lair.
  8749 | D:9      | Gained mutation: Scrolls take you a little longer to read. [potion of mutation]
  8749 | D:9      | Gained mutation: Scrolls take you longer to read. [potion of mutation]
  8749 | D:9      | Gained mutation: You evolve. [potion of mutation]
  8749 | D:9      | Gained mutation: You possess an exceptional clarity of mind. [potion of mutation]
  8836 | D:9      | Got an iridescent great mace
  8844 | D:9      | Identified the +3 great mace of Gluttony {protect, rPois rF+} (You found it on level 9 of the Dungeon)
  9033 | D:10     | Entered Level 10 of the Dungeon
  9075 | D:10     | Found Tahael's Gadget Emporium.
  9079 | D:10     | Reached XP level 11. HP: 64/84 MP: 19/19
  9696 | D:10     | Found a staircase to the Orcish Mines.
 10078 | D:11     | Noticed a manticore
 10082 | D:11     | Noticed EPluribusUnum's ghost (journeyman DrTm)
 10087 | D:11     | Killed a manticore
 10087 | D:11     | Reached skill level 5 in Conjurations
 10087 | D:11     | Reached skill level 5 in Hexes
 10087 | D:11     | Reached skill level 5 in Charms
 10087 | D:11     | Reached skill level 5 in Summonings
 10087 | D:11     | Reached skill level 5 in Necromancy
 10087 | D:11     | Reached skill level 5 in Translocations
 10087 | D:11     | Reached skill level 5 in Transmutations
 10087 | D:11     | Reached skill level 5 in Fire Magic
 10087 | D:11     | Reached skill level 5 in Ice Magic
 10087 | D:11     | Reached skill level 5 in Air Magic
 10087 | D:11     | Reached skill level 5 in Earth Magic
 10087 | D:11     | Reached skill level 5 in Poison Magic
 10105 | D:11     | Killed EPluribusUnum's ghost
 10220 | D:11     | Noticed a two-headed ogre
 10229 | D:11     | Killed a two-headed ogre
 10276 | D:11     | Noticed a two-headed ogre
 10322 | D:11     | Killed a two-headed ogre
 10441 | D:11     | Got an ancient falchion
 10442 | D:11     | Identified the +2 falchion "Voirai" {slice, Int+4} (You found it on level 11 of the Dungeon)
 10594 | D:11     | Noticed a manticore
 10608 | D:11     | Killed a manticore
 11142 | D:12     | Gained mutation: You have sharp toenails. [evolution]
 11221 | D:12     | Noticed a seven-headed hydra
 11307 | Lair:1   | Entered Level 1 of the Lair of Beasts
 11329 | Lair:1   | Noticed jaclynhyde's ghost (journeyman GrEE)
 11351 | Lair:1   | Killed jaclynhyde's ghost
 11596 | Lair:1   | Noticed an eight-headed hydra
 11613 | Lair:1   | Killed an eight-headed hydra
 11613 | Lair:1   | Reached XP level 12. HP: 93/93 MP: 22/22
 11870 | Lair:1   | Got an ancient hat
 11876 | Lair:1   | Identified the +1 hat of Autumn {*Slow +Blink rPois rC++} (You acquired it on level 1 of the Lair of Beasts)
 12391 | Lair:1   | Reached skill level 11 in Crossbows
 13499 | Lair:2   | Gained mutation: You are covered in fur. (AC +1) [evolution]
 14058 | Lair:3   | Noticed a catoblepas
 14078 | Lair:3   | Killed a catoblepas
 14403 | Lair:3   | Noticed a five-headed hydra
 14409 | Lair:3   | Killed a five-headed hydra
 14414 | Lair:3   | Found a staircase to the Snake Pit.
 15286 | Lair:4   | Reached XP level 13. HP: 91/101 MP: 24/24
 15488 | Lair:4   | Found a staircase to the Shoals.
 16073 | Lair:4   | Lost mutation: You possess an exceptional clarity of mind. [potion of mutation]
 16073 | Lair:4   | Lost mutation: Scrolls take you longer to read. [potion of mutation]
 16073 | Lair:4   | Lost mutation: Scrolls take you a little longer to read. [potion of mutation]
 16073 | Lair:4   | Gained mutation: Your muscles are strong. (Str +2) [potion of mutation]
 16073 | Lair:4   | Gained mutation: Armour fits poorly on your strangely shaped body. [potion of mutation]
 16073 | Lair:4   | Gained mutation: You are resistant to hostile enchantments. (MR+) [potion of mutation]
 16073 | Lair:4   | Gained mutation: Your spells are a little harder to cast, but a little more powerful. [potion of mutation]
 17158 | Lair:6   | Entered Level 6 of the Lair of Beasts
 17267 | Lair:6   | Found a runed door.
 17267 | Lair:6   | Found a viscous altar of Jiyva.
 17284 | Lair:6   | Found a staircase to the Slime Pits.
 17381 | Lair:6   | Mangled by a spiny frog

Vault maps used:
D:1:      mrwooster_arrival_arrow, serial_bayou_pond_e, minmay_quantized
D:3:      first_ration, uniq_sigmund
D:4:      old_standard_altar, kennysheep_crisscross
D:6:      chequers_temple_overflow_statue_of_worship,
          nicolae_ru_the_path_less_chosen, minmay_temple_entry_nine_rooms,
          fountainhead
D:7:      nicolae_overflow_crystal_walls, enter_ossuary_4, basic_altar
D:8:      nicolae_overflow_hidden_temple, zin_statuary,
          minmay_overflow_temple_star_quad, lemuel_doored_altar
D:9:      minmay_lair_entry_grove, serial_shops, shop
D:10:     david_orc_4, serial_shops, shop
Lair:1:   serial_bayou_shore_b
Lair:2:   serial_bayou_pond_e
Lair:3:   beast_lair_carwin_large_1, dummy_snake_entry, lemuel_fruit_tree
Lair:4:   shoals_dummy_entry
Lair:6:   evilmike_catoblepas_cave, slime_altar_2, infiniplex_staircase_pool
Ossuary:  ossuary_boxes_badplayer

Skill      XL: |  1  2  3  4  5  6  7  8  9 10 11 12 13 |
---------------+----------------------------------------+-----
Invocations    | 1 2 3 4 5 6 7 8 |  8.9
Short Blades   | 1 2 3 4 5 6 7 8 |  8.1
Long Blades    | 1 2 3 4 5 6 7 8 |  8.1
Axes           | 1 2 3 4 5 6 7 8 |  8.1
Maces & Flails | 1 2 3 4 5 6 7 8 |  8.1
Polearms       | 1 2 3 4 5 6 7 8 |  8.1
Staves         | 1 2 3 4 5 6 7 8 |  8.1
Slings         | 1 2 3 4 5 6 7 8 |  8.1
Bows           | 1 2 3 4 5 6 7 8 |  8.1
Throwing       | 1 2 3 4 5 6 7 8 |  8.1
Armour         | 1 2 3 4 5 6 7 8 |  8.1
Shields        | 1 2 3 4 5 6 7 8 |  8.1
Unarmed Combat | 1 2 3 4 5 6 7 8 |  8.1
Spellcasting   | 1 2 3 4 5 6 7 8 |  8.1
Evocations     | 1 2 3 4 5 6 7 8 |  8.1
Conjurations   | 1 2 3 4 5 6 |  6.7
Hexes          | 1 2 3 4 5 6 |  6.7
Charms         | 1 2 3 4 5 6 |  6.7
Summonings     | 1 2 3 4 5 6 |  6.7
Necromancy     | 1 2 3 4 5 6 |  6.7
Translocations | 1 2 3 4 5 6 |  6.7
Transmutations | 1 2 3 4 5 6 |  6.7
Fire Magic     | 1 2 3 4 5 6 |  6.7
Ice Magic      | 1 2 3 4 5 6 |  6.7
Air Magic      | 1 2 3 4 5 6 |  6.7
Earth Magic    | 1 2 3 4 5 6 |  6.7
Poison Magic   | 1 2 3 4 5 6 |  6.7
Stealth        | 3 4 5 6 7 8 |  8.5
Fighting       | 5 6 7 8 9 |  9.3
Dodging        | 5 6 7 8 9 |  9.3
Crossbows      | 9 10 11 | 11.5

Action                   |  1- 3 |  4- 6 |  7- 9 | 10-12 | 13-15 || total
-------------------------+-------+-------+-------+-------+-------++-------
Melee: Short sword       |       |    88 |    96 |    93 |       ||   277
       Bite              |       |    10 |    44 |   126 |    18 ||   198
       Long sword        |       |       |   141 |   116 |       ||   257
       Great mace        |       |       |       |   582 |   132 ||   714
       Unarmed           |       |       |       |       |     3 ||     3
 Fire: Hand crossbow     |    66 |    36 |   199 |    56 |    55 ||   412
Invok: Potion Petition   |       |       |     2 |     3 |     1 ||     6
Evoke: Wand              |       |       |       |    14 |       ||    14
  Use: Scroll            |       |    10 |    13 |    11 |     2 ||    36
       Potion            |       |       |     8 |    10 |     3 ||    21
 Stab: Invisible         |       |       |     3 |    14 |       ||    17
       Distracted        |       |       |     2 |     4 |       ||     6
       Paralysed         |       |       |       |     3 |       ||     3
  Eat: Chunk             |     1 |     4 |       |       |       ||     5
       Ration            |       |     1 |     3 |    10 |     2 ||    16
Armor: Ring mail         |     4 |       |       |       |       ||     4
       Chain mail        |       |    55 |   116 |   498 |       ||   669
       Plate armour      |       |       |       |    77 |   108 ||   185
       Skin              |       |       |       |       |    27 ||    27
Dodge: Dodged            |     4 |    37 |    82 |   574 |   101 ||   798
Block: Shield            |     2 |    39 |   132 |   110 |       ||   283
       Rpst.: Long sword |       |       |    15 |     9 |       ||    24

Table legend:
 A = Spawn XP
 B = Non-spawn XP
 C = Spawn XP percentage of total XP
 D = Spawn monster count
 E = Non-spawn monster count
 F = Spawn count percentage of total count
 G = Total turns spent on level
                    A         B        C        D         E        F      G
               +---------+---------+-------+---------+---------+-------+---------
         Total |       0 |   40840 |   0.0 |       0 |     388 |   0.0 | 17381
               +---------+---------+-------+---------+---------+-------+---------
           D:1 |       0 |      48 |   0.0 |       0 |      28 |   0.0 |  1046
           D:2 |       0 |      59 |   0.0 |       0 |      21 |   0.0 |   725
           D:3 |       0 |     286 |   0.0 |       0 |      20 |   0.0 |   602
           D:4 |       0 |     313 |   0.0 |       0 |      10 |   0.0 |  1003
           D:5 |       0 |     784 |   0.0 |       0 |      18 |   0.0 |  1031
           D:6 |       0 |     912 |   0.0 |       0 |      25 |   0.0 |   866
           D:7 |       0 |     774 |   0.0 |       0 |      16 |   0.0 |   814
           D:8 |       0 |    2207 |   0.0 |       0 |      27 |   0.0 |  1298
           D:9 |       0 |    2667 |   0.0 |       0 |      30 |   0.0 |  1251
          D:10 |       0 |    1434 |   0.0 |       0 |      30 |   0.0 |   794
          D:11 |       0 |    6156 |   0.0 |       0 |      28 |   0.0 |  1407
        Lair:1 |       0 |    7083 |   0.0 |       0 |      25 |   0.0 |  1430
        Lair:2 |       0 |    3656 |   0.0 |       0 |      16 |   0.0 |  1026
        Lair:3 |       0 |    4946 |   0.0 |       0 |      22 |   0.0 |  1400
        Lair:4 |       0 |    5557 |   0.0 |       0 |      20 |   0.0 |  1089
        Lair:5 |       0 |    2070 |   0.0 |       0 |      10 |   0.0 |   823
        Lair:6 |       0 |    1346 |   0.0 |       0 |       5 |   0.0 |   223
       Ossuary |       0 |     542 |   0.0 |       0 |      37 |   0.0 |   493
               +---------+---------+-------+---------+---------+-------+---------
